ITL
DETROIT X-WINGS @ HAVANA ROLLERS
04/18/2030
 
TOP OF THE 1ST
Detroit X-Wings batting - Pitching for Havana Rollers : RHP Bob Holland
Pitching: RHP Bob Holland
Batting: SHB Jason Mason 0-0: Foul Ball, location: 2F
0-1: Ball
1-1: Ball
2-1: Ground out 2-3 (Groundball, 2L)
Batting: LHB Curt Walker 0-0: Ball
1-0: Fly out, F8 (Flyball, 78D)
Batting: RHB Mario Solís 0-0: Ball
1-0: Foul Ball, location: 2F
1-1: Ball
2-1: Ball
3-1: Foul Ball, location: 2F
3-2: Base on Balls
Batting: SHB Barrett Bowden 0-0: Foul Ball, location: 2F
0-1: Called Strike
0-2: Ball
1-2: Strikes out swinging
Top of the 1st over - 0 runs, 0 hits, 0 errors, 1 left on base; Detroit 0 - Havana 0
BOTTOM OF THE 1ST
Havana Rollers batting - Pitching for Detroit X-Wings : RHP Brian Smith
Pitching: RHP Brian Smith
Batting: LHB José Torres 0-0: Ball
1-0: Swinging Strike
1-1: Called Strike
1-2: Ball
2-2: Ground out 4-3 (Groundball, 4)
Batting: RHB Paul Bailey 0-0: Called Strike
0-1: Foul Ball, location: 2F
0-2: Ground out 5-3 (Groundball, 56)
Pitching: LHP Clarence Skerratt
Batting: RHB Tommy Davenport 0-0: Ball
1-0: Ball
2-0: Ground out 6-3 (Groundball, 6)
Bottom of the 1st over - 0 runs, 0 hits, 0 errors, 0 left on base; Detroit 0 - Havana 0
TOP OF THE 2ND
Detroit X-Wings batting - Pitching for Havana Rollers : RHP Bob Holland
Batting: SHB Brian Price 0-0: Ball
1-0: Ground out 4-3 (Groundball, 4M)
Batting: LHB Paul Alston 0-0: SINGLE (Line Drive, 9S)
Batting: RHB José Pérez 0-0: Ball
1-0: Ball
2-0: Ball
3-0: Called Strike
3-1: SINGLE (Groundball, 34D)
Paul Alston to second
Runner from 2nd tries for 3rd, SAFE, throw made to third
José Pérez to second
Batting: RHB Raúl Flores 0-0: Ball
1-0: Foul Ball, location: 2F
1-1: SINGLE (Line Drive, 7S)
Paul Alston scores
José Pérez to third
Batting: RHB José Rosales 0-0: Ball
1-0: Ball
2-0: Swinging Strike
2-1: Foul Ball, location: 2F
2-2: Foul Ball, location: 2F
2-2: Ball
3-2: Base on Balls
Raúl Flores to second
Batting: SHB Jason Mason 0-0: Foul Ball, location: 2F
0-1: Called Strike
0-2: Ball
1-2: Reached on error, E3 (Groundball, 34)
José Pérez scores
Raúl Flores to third
José Rosales to second
Batting: LHB Curt Walker 0-0: Ball
1-0: Ball
2-0: Foul Ball, location: 2F
2-1: Ball
3-1: Called Strike
3-2: Ground out U3 (Groundball, 3S)
Raúl Flores scores
José Rosales to third
Jason Mason to second
Batting: RHB Mario Solís 0-0: Foul Ball, location: 2F
0-1: Ball
1-1: Foul Ball, location: 2F
1-2: Ball
2-2: SINGLE (Groundball, 6D)
José Rosales scores
Jason Mason to third
Runner from 3rd tries for Home, SAFE, no throw
Batting: SHB Barrett Bowden 0-0: Called Strike
0-1: Fly out, F7 (Flyball, 7LSF)
Top of the 2nd over - 5 runs, 4 hits, 1 error, 1 left on base; Detroit 5 - Havana 0
BOTTOM OF THE 2ND
Havana Rollers batting - Pitching for Detroit X-Wings : LHP Clarence Skerratt
Batting: RHB Soshu Nakamura 0-0: Ball
1-0: Swinging Strike
1-1: Fly out, F9 (Flyball, 9)
Batting: RHB Bill Little 0-0: Called Strike
0-1: Foul Ball, location: 2F
0-2: Ball
1-2: Fly out, F6 (Line Drive, 6)
Batting: RHB Luis Aguilar 0-0: Fly out, F7 (Flyball, 7D)
Bottom of the 2nd over - 0 runs, 0 hits, 0 errors, 0 left on base; Detroit 5 - Havana 0
TOP OF THE 3RD
Detroit X-Wings batting - Pitching for Havana Rollers : RHP Bob Holland
Batting: SHB Brian Price 0-0: SINGLE (Line Drive, 6MD)
Batting: LHB Paul Alston 0-0: Swinging Strike
0-1: Fly out, F7 (Flyball, 7)
Batting: RHB José Pérez 0-0: Ball
1-0: Swinging Strike
1-1: Foul Ball, location: 2F
1-2: DOUBLE (Flyball, 89D)
Brian Price to third
Runner from 3rd tries for Home, SAFE, no throw
Batting: RHB Raúl Flores 0-0: Ball
1-0: Ball
2-0: Ball
3-0: Called Strike
3-1: Foul Ball, location: 2F
3-2: Strikes out swinging
Batting: RHB José Rosales 0-0: Called Strike
José Pérez steals 3rd base
0-1: Ground out U3 (Groundball, 34)
Top of the 3rd over - 1 run, 2 hits, 0 errors, 1 left on base; Detroit 6 - Havana 0
BOTTOM OF THE 3RD
Havana Rollers batting - Pitching for Detroit X-Wings : LHP Clarence Skerratt
Batting: RHB Brian Jackson 0-0: Ball
1-0: Ball
2-0: Fly out, F8 (Flyball, 8LXD)
Batting: RHB Mitsuharu Matsumoto 0-0: SINGLE (Line Drive, 8LS)
Batting: RHB Ken MacDonald 0-0: Ball
1-0: Ball
2-0: Called Strike
2-1: Ball
3-1: Base on Balls
Mitsuharu Matsumoto to second
Batting: LHB José Torres 0-0: Ball
1-0: SINGLE (Line Drive, 4D)
Mitsuharu Matsumoto to third
Ken MacDonald to second
Batting: RHB Paul Bailey 0-0: Called Strike
0-1: Ball
1-1: GRAND SLAM HOME RUN (Flyball, 78XD), Distance : 401 ft
Batting: RHB Tommy Davenport 0-0: Called Strike
0-1: Ball
1-1: Fly out, F8 (Flyball, 8RD)
Batting: RHB Soshu Nakamura 0-0: Foul Ball, location: 2F
0-1: Called Strike
0-2: Ball
1-2: Ball
2-2: Single, Error in OF, E8, batter to second base
Batting: RHB Bill Little 0-0: Called Strike
0-1: Ball
1-1: Ground out U3 (Groundball, 34)
Bottom of the 3rd over - 4 runs, 4 hits, 1 error, 1 left on base; Detroit 6 - Havana 4
TOP OF THE 4TH
Detroit X-Wings batting - Pitching for Havana Rollers : RHP Bob Holland
Batting: SHB Jason Mason 0-0: Ground out 6-3 (Groundball, 6)
Batting: LHB Curt Walker 0-0: Swinging Strike
0-1: Foul Ball, location: 2F
0-2: Strikes out looking
Batting: RHB Mario Solís 0-0: Ball
1-0: Called Strike
1-1: Swinging Strike
1-2: Foul Ball, location: 2F
1-2: Ground out 3-1 (Groundball, 34S)
Top of the 4th over - 0 runs, 0 hits, 0 errors, 0 left on base; Detroit 6 - Havana 4
BOTTOM OF THE 4TH
Havana Rollers batting - Pitching for Detroit X-Wings : LHP Clarence Skerratt
Batting: RHB Luis Aguilar 0-0: Ball
1-0: Ball
2-0: Called Strike
2-1: Swinging Strike
2-2: Ball
3-2: Base on Balls
Batting: RHB Brian Jackson 0-0: Called Strike
0-1: Ball
1-1: Called Strike
1-2: Fly out, F8 (Flyball, 8LXD)
Batting: RHB Mitsuharu Matsumoto 0-0: Swinging Strike
0-1: Ball
1-1: Ball
2-1: Ball
3-1: Base on Balls
Luis Aguilar to second
Batting: RHB Ken MacDonald 0-0: SINGLE (Groundball, 6MD)
Luis Aguilar to third
Mitsuharu Matsumoto to second
Runner from 3rd tries for Home, SAFE, no throw
Batting: LHB José Torres 0-0: Called Strike
0-1: Ball
1-1: Ball
2-1: SINGLE (Flyball, 9S)
Mitsuharu Matsumoto to third
Ken MacDonald to second
Runner from 3rd tries for Home, SAFE, no throw
Batting: RHB Paul Bailey 0-0: Ball
1-0: Ball
2-0: Called Strike
2-1: Swinging Strike
2-2: Ball
3-2: Foul Ball, location: 2F
3-2: Base on Balls
Ken MacDonald to third
José Torres to second
Pitching: RHP Pat Jackson
Batting: RHB Tommy Davenport 0-0: Ball
1-0: Ball
2-0: Grounds into double play, 6-4-3 (Groundball, 6)
Bottom of the 4th over - 2 runs, 2 hits, 0 errors, 2 left on base; Detroit 6 - Havana 6
TOP OF THE 5TH
Detroit X-Wings batting - Pitching for Havana Rollers : RHP Bob Holland
Batting: SHB Barrett Bowden 0-0: Foul Ball, location: 2F
0-1: Ball
1-1: Foul Ball, location: 2F
1-2: DOUBLE (Line Drive, 9LM)
Pitching: LHP Nick Clayton
Batting: SHB Brian Price 0-0: Intentional Walk
Batting: LHB Paul Alston 0-0: Ball
1-0: Called Strike
1-1: Ball
2-1: Grounds into double play, 4-6-3 (Groundball, 4)
Barrett Bowden to third
Batting: RHB José Pérez 0-0: Ball
1-0: TRIPLE (Flyball, 89D)
Barrett Bowden scores
Batting: RHB Raúl Flores 0-0: Ball
1-0: Foul Ball, location: 2F
1-1: Ball
2-1: Ball
3-1: Foul Ball, location: 2F
3-2: Strikes out looking
Top of the 5th over - 1 run, 2 hits, 0 errors, 1 left on base; Detroit 7 - Havana 6
BOTTOM OF THE 5TH
Havana Rollers batting - Pitching for Detroit X-Wings : RHP Pat Jackson
Batting: RHB Soshu Nakamura 0-0: Foul Ball, location: 2F
0-1: SINGLE (Line Drive, 6D)
Batting: RHB Bill Little 0-0: Ball
1-0: Ball
2-0: Ball
3-0: Called Strike
3-1: Base on Balls
Soshu Nakamura to second
Batting: RHB Luis Aguilar 0-0: Grounds into double play, 4-6-3 (Groundball, 4)
Soshu Nakamura to third
Batting: RHB Brian Jackson 0-0: Swinging Strike
0-1: Ball
1-1: Foul Ball, location: 2F
1-2: Ball
2-2: Ball
3-2: Base on Balls
Batting: RHB Mitsuharu Matsumoto 0-0: Called Strike
0-1: Ball
1-1: Ball
2-1: 3-RUN HOME RUN (Line Drive, 7LD), Distance : 359 ft
Batting: RHB Ken MacDonald 0-0: Swinging Strike
0-1: Ball
1-1: Foul Ball, location: 2F
1-2: Ball
2-2: Ball
3-2: Base on Balls
Batting: LHB José Torres 0-0: Called Strike
0-1: Ball
1-1: Called Strike
1-2: Foul Ball, location: 2F
1-2: Ground out 1-3 (Groundball, 13S)
Bottom of the 5th over - 3 runs, 2 hits, 0 errors, 1 left on base; Detroit 7 - Havana 9
TOP OF THE 6TH
Detroit X-Wings batting - Pitching for Havana Rollers : LHP Nick Clayton
Batting: RHB José Rosales 0-0: Swinging Strike
0-1: Ball
1-1: Foul Ball, location: 2F
1-2: Ball
2-2: Strikes out swinging
Batting: SHB Jason Mason 0-0: Foul Ball, location: 2F
0-1: Swinging Strike
0-2: SINGLE (Line Drive, 7LS)
Batting: LHB Curt Walker 0-0: Ball
Jason Mason steals 2nd base
1-0: Foul Ball, location: 2F
1-1: Ball
2-1: Called Strike
2-2: Ball
3-2: Base on Balls
Batting: RHB Mario Solís 0-0: Called Strike
0-1: Ball
1-1: Foul Ball, location: 2F
1-2: Grounds into double play, 6-4-3 (Groundball, 6)
Top of the 6th over - 0 runs, 1 hit, 0 errors, 1 left on base; Detroit 7 - Havana 9
BOTTOM OF THE 6TH
Havana Rollers batting - Pitching for Detroit X-Wings : RHP Pat Jackson
Batting: RHB Paul Bailey 0-0: Called Strike
0-1: Ball
1-1: SINGLE (Line Drive, 34D)
Batting: RHB Tommy Davenport 0-0: Called Strike
0-1: DOUBLE (Line Drive, 9LD)
Paul Bailey to third
Batting: RHB Soshu Nakamura 0-0: Ball
1-0: Ball
2-0: Ball
3-0: Base on Balls
Batting: RHB Bill Little 0-0: Ball
1-0: Called Strike
1-1: Ball
2-1: Ball
3-1: Base on Balls
Paul Bailey scores
Tommy Davenport to third
Soshu Nakamura to second
Batting: RHB Luis Aguilar 0-0: DOUBLE (Flyball, 8LXD)
Tommy Davenport scores
Soshu Nakamura scores
Bill Little to third
Batting: RHB Brian Jackson 0-0: Ball
1-0: Swinging Strike
1-1: Ball
2-1: Ball
Wild Pitch!
Bill Little scores
Luis Aguilar to third
3-1: Ground out 4-3 (Groundball, 34)
Luis Aguilar scores
Pitching: RHP Ralph Bascombe
Batting: RHB Mitsuharu Matsumoto 0-0: SINGLE (Groundball, 56D)
Batting: RHB Ken MacDonald 0-0: Ball
1-0: Swinging Strike
1-1: Ball
2-1: Foul Ball, location: 2F
2-2: Foul Ball, location: 2F
2-2: Strikes out swinging
Batting: LHB José Torres 0-0: Called Strike
0-1: Called Strike
0-2: Foul Ball, location: 2F
0-2: Ball
1-2: SINGLE (Groundball, 4MD)
Mitsuharu Matsumoto to second
Runner from 2nd tries for 3rd, SAFE, no throw
Batting: RHB Paul Bailey 0-0: Ball
1-0: Foul Ball, location: 2F
1-1: Fly out, F8 (Flyball, 89M)
Bottom of the 6th over - 5 runs, 5 hits, 0 errors, 2 left on base; Detroit 7 - Havana 14
TOP OF THE 7TH
Detroit X-Wings batting - Pitching for Havana Rollers : LHP Nick Clayton
Batting: SHB Barrett Bowden 0-0: Foul Ball, location: 2F
0-1: Foul Ball, location: 2F
0-2: Ball
1-2: Fly out, F5 (Flyball, 56D)
Batting: SHB Brian Price 0-0: Swinging Strike
0-1: Ball
1-1: Called Strike
1-2: Foul Ball, location: 2F
1-2: Ball
2-2: Ground out 5-3 (Groundball, 56S)
Batting: LHB Paul Alston 0-0: SINGLE (Line Drive, 34D)
Batting: RHB José Pérez 0-0: Fly out, F7 (Line Drive, 78D)
Top of the 7th over - 0 runs, 1 hit, 0 errors, 1 left on base; Detroit 7 - Havana 14
BOTTOM OF THE 7TH
Havana Rollers batting - Pitching for Detroit X-Wings : RHP Ralph Bascombe
Batting: RHB Tommy Davenport 0-0: Foul Ball, location: 2F
0-1: Ball
1-1: SINGLE (Line Drive, 6D)
Pitching: LHP Mike O'Brien
Batting: RHB Soshu Nakamura 0-0: Ball
1-0: Called Strike
1-1: Called Strike
1-2: Ball
2-2: Ball
3-2: Foul Ball, location: 2F
3-2: Foul Ball, location: 2F
3-2: Foul Ball, location: 2F
3-2: Foul Ball, location: 2F
3-2: Base on Balls
Tommy Davenport to second
Batting: RHB Bill Little 0-0: Ball
1-0: Ball
2-0: Ball
3-0: Base on Balls
Tommy Davenport to third
Soshu Nakamura to second
Batting: RHB Luis Aguilar 0-0: Ball
1-0: Ball
2-0: Called Strike
2-1: Ball
3-1: Base on Balls
Tommy Davenport scores
Soshu Nakamura to third
Bill Little to second
Batting: RHB Brian Jackson 0-0: Ball
1-0: Called Strike
1-1: DOUBLE (Line Drive, 7LM)
Soshu Nakamura scores
Bill Little scores
Luis Aguilar to third
Batting: RHB Mitsuharu Matsumoto 0-0: Ball
1-0: Swinging Strike
1-1: Called Strike
1-2: SINGLE (Groundball, 6MD)
Luis Aguilar scores
Brian Jackson to third
Batting: RHB Ken MacDonald 0-0: Ball
1-0: SINGLE (Line Drive, 8RS)
Brian Jackson scores
Mitsuharu Matsumoto to second
Pitching: RHP Daniel Riddle
Batting: LHB José Torres 0-0: Called Strike
0-1: Ball
1-1: SINGLE (Line Drive, 4)
Mitsuharu Matsumoto to third
Ken MacDonald to second
Batting: RHB Paul Bailey 0-0: Called Strike
0-1: Ball
1-1: Called Strike
1-2: SINGLE (Groundball, 56D)
Mitsuharu Matsumoto scores
Ken MacDonald to third
José Torres to second
Batting: RHB Tommy Davenport 0-0: Ball
1-0: Ball
2-0: Foul Ball, location: 2F
2-1: Fly out, F4 (Popup, 4)
Batting: RHB Soshu Nakamura 0-0: Fly out, F7 (Flyball, 78M)
Runner from 3rd tags up, SCORES, throw made
Batting: RHB Bill Little 0-0: Called Strike
0-1: DOUBLE (Flyball, 8LXD)
José Torres scores
Paul Bailey to third
Runner from 3rd tries for Home, SAFE, no throw
Batting: RHB Luis Aguilar 0-0: Called Strike
0-1: Called Strike
Balk!
Bill Little to third
0-2: Ball
1-2: Strikes out swinging, 2-3 out at first.
Bottom of the 7th over - 9 runs, 7 hits, 0 errors, 1 left on base; Detroit 7 - Havana 23
TOP OF THE 8TH
Detroit X-Wings batting - Pitching for Havana Rollers : LHP Nick Clayton
Pitching: LHP Mike Doss
Batting: RHB Raúl Flores 0-0: Called Strike
0-1: Ground out 3-1 (Groundball, 34S)
Batting: RHB José Rosales 0-0: Ball
1-0: Ball
2-0: Called Strike
2-1: Foul Ball, location: 2F
2-2: Ball
3-2: SINGLE (Line Drive, 89S)
Batting: SHB Jason Mason 0-0: Called Strike
0-1: Ball
1-1: Ball
2-1: Ball
3-1: Base on Balls
José Rosales to second
Batting: LHB Curt Walker 0-0: Ball
1-0: Foul Ball, location: 2F
1-1: Foul Ball, location: 2F
1-2: Strikes out swinging
Batting: RHB Mario Solís 0-0: Ball
1-0: Called Strike
1-1: Ball
2-1: Foul Ball, location: 2F
2-2: Strikes out swinging
Top of the 8th over - 0 runs, 1 hit, 0 errors, 2 left on base; Detroit 7 - Havana 23
BOTTOM OF THE 8TH
Havana Rollers batting - Pitching for Detroit X-Wings : RHP Daniel Riddle
Batting: RHB Brian Jackson 0-0: Called Strike
0-1: SINGLE (Line Drive, 6MD)
Batting: RHB Mitsuharu Matsumoto 0-0: Called Strike
0-1: Ball
Wild Pitch!
Brian Jackson to second
1-1: Ball
2-1: Ball
3-1: Called Strike
3-2: Foul Ball, location: 2F
3-2: Base on Balls
Batting: RHB Ken MacDonald 0-0: Called Strike
0-1: Called Strike
0-2: Ball
1-2: Strikes out swinging
Batting: LHB José Torres 0-0: Ball
1-0: Ball
2-0: Ball
3-0: Base on Balls
Brian Jackson to third
Mitsuharu Matsumoto to second
Batting: RHB Paul Bailey 0-0: SINGLE (Groundball, 6MD)
Brian Jackson scores
Mitsuharu Matsumoto to third
José Torres to second
Runner from 3rd tries for Home, SAFE, no throw
Batting: RHB Tommy Davenport 0-0: Ball
1-0: Swinging Strike
1-1: Called Strike
1-2: Fly out, F9 (Flyball, 9LMF)
Runner from 2nd tags up, OUT at 3rd
Bottom of the 8th over - 2 runs, 2 hits, 0 errors, 1 left on base; Detroit 7 - Havana 25
TOP OF THE 9TH
Detroit X-Wings batting - Pitching for Havana Rollers : LHP Mike Doss
Batting: SHB Barrett Bowden 0-0: Swinging Strike
0-1: Ball
1-1: Swinging Strike
1-2: Ball
2-2: Ball
3-2: Foul Ball, location: 2F
3-2: Strikes out swinging
Batting: SHB Brian Price 0-0: Swinging Strike
0-1: Called Strike
0-2: Strikes out looking
Batting: LHB Paul Alston 0-0: Ball
1-0: Foul Ball, location: 2F
1-1: Fly out, F8 (Line Drive, 8LM)
Top of the 9th over - 0 runs, 0 hits, 0 errors, 0 left on base; Detroit 7 - Havana 25
Saturday, April 7th, 2018 - OOTP Baseball 18.8 Build 76